 Dungeon Crawl Stone Soup version 0.21-a0-143-g1ab7d47 (webtiles) character file.

31 4thArraOfDagon the Magician (level 2, 0/20 HPs)
             Began as a Demigod Wizard on July 25, 2017.
             Slain by a worker ant (3 damage)
             ... on level 4 of the Dungeon.
             The game lasted 00:02:02 (638 turns).

4thArraOfDagon the Magician (Demigod Wizard)         Turns: 638, Time: 00:02:02

Health: 0/20       AC:  2    Str: 10    XL:     2   Next: 90%
Magic:  0/8        EV: 12    Int: 22    God:
Gold:   57         SH:  0    Dex: 14    Spells: 6/7 levels left

rFire    . . .     SeeInvis .   o - +0 flail
rCold    . . .     Gourm    .   (no shield)
rNeg     . . .     Faith    .   f - -1 leather armour (curse)
rPois    .         Spirit   .   b - +0 hat
rElec    .         Reflect  .   (no cloak)
rCorr    .         Harm     .   (no gloves)
MR       +....                  (no boots)
Stlth    ++........             (no amulet)
HPRegen  0.06/turn              e - ring of protection from magic
MPRegen  0.11/turn              (no ring)

@: no status effects
A: high mp 1
a: no special abilities


You were on level 4 of the Dungeon.
You were not hungry.

You visited 1 branch of the dungeon, and saw 4 of its levels.

You collected 57 gold pieces.

Inventory:

Hand Weapons
 g - a +0 short sword
 o - a +0 flail (weapon)
Armour
 a - a +0 robe
 b - a +0 hat (worn)
 f - a cursed -1 leather armour (worn)
Jewellery
 e - a ring of protection from magic (left hand)
Scrolls
 h - a scroll of enchant weapon {unknown}
 j - a scroll of remove curse {unknown}
 k - a scroll of magic mapping {unknown}
 l - a scroll of enchant armour {unknown}
Potions
 i - a potion of magic {unknown}
 m - a potion of cancellation {unknown}
Books
 c - a book of Minor Magic

   Spells                             Type                      Level
   a - Magic Dart                     Conjuration                  1
   b - Blink                          Translocation                2
   c - Call Imp                       Summoning                    2
   d - Slow                           Hexes                        2
   e - Conjure Flame                  Conjuration/Fire             3
   f - Mephitic Cloud                 Conjuration/Poison/Air       3
Comestibles
 d - a bread ration
 n - a meat ration
 p - a royal jelly


   Skills:
 - Level 1.7 Dodging
 - Level 1.7 Stealth
 - Level 3.1 Spellcasting
 * Level 2.1 Conjurations
   Level 0.8 Summonings
   Level 0.8 Translocations


You had 6 spell levels left.
You knew the following spells:

 Your Spells              Type           Power        Failure   Level  Hunger
a - Magic Dart            Conj           ##..         7%          1    None


Dungeon Overview and Level Annotations

Branches:
Dungeon (4/15)
 Temple: D:4-7


Innate Abilities, Weirdness & Mutations

You have an increased reservoir of magic. (+10% MP)


Message History

Aiming: Magic Dart
Press: ? - help, Shift-Dir - straight line, f/p - worker ant
Aim: a worker ant (heavily wounded)
The magic dart hits the worker ant.
The worker ant is almost dead.
The worker ant bites you.
You hit the worker ant but do no damage.
The worker ant is almost dead.
The worker ant closely misses you. The worker ant bites you.
* * * LOW HITPOINT WARNING * * *
Unknown command.
Casting: Magic Dart
Confirm with . or Enter, or press ? or * to list all spells.
Aiming: Magic Dart
Press: ? - help, Shift-Dir - straight line, f/p - worker ant
Aim: a worker ant (almost dead)
The magic dart hits the worker ant.
The worker ant is almost dead.
The worker ant bites you.
You die... ...###### ......a@# #########

You could see a worker ant.

Vanquished Creatures
  An adder (D:1)
  2 oozes
  2 giant cockroaches (D:1)
  A goblin (D:2)
  3 hobgoblins
  2 bats
  A kobold (D:1)
  2 rats
14 creatures vanquished.

Notes
Turn   | Place    | Note
-------+----------+-------------------------------------------
     0 | D:1      | 4thArraOfDagon the Demigod Wizard began the quest for the Orb.
     0 | D:1      | Reached XP level 1. HP: 14/14 MP: 6/6
    97 | D:1      | Reached skill level 1 in Conjurations
   163 | D:1      | Reached XP level 2. HP: 17/20 MP: 0/8
   252 | D:1      | Reached skill level 3 in Spellcasting
   375 | D:2      | HP: 1/20 [worm (10)]
   638 | D:4      | Slain by a worker ant

Vault maps used:
D:1:      kennysheep_arrival_forest, minmay_surrounded
D:2:      first_bread, chequers_ecumenical_altar_simple_redux
D:3:      minivault_5
D:4:      minmay_temple_entry_glassed_door, minmay_misc_feat_ornament,
          nicolae_ru_awakened_eye, uniq_menkaure, uniq_blork_the_orc

Skill      XL: |  1  2 |
---------------+-------+-----
Conjurations   | 1 2 |  2.1
Spellcasting   | 3 |  3.1
Dodging        | |  1.7
Stealth        | |  1.7
Summonings     | |  0.8
Translocations | |  0.8

Action                   || total
-------------------------++-------
Melee: Short sword       ||    31
       Unarmed           ||     4
       Flail             ||     1
 Cast: Magic Dart        ||    36
 Stab: Sleeping          ||     2
Armor: Leather armour    ||    11
       Robe              ||     1
Dodge: Dodged            ||    26
